 Dungeon Crawl Stone Soup version 0.19.1 (webtiles) character file.

143 galech the Shield-Bearer (level 5, -2/41 HPs)
             Began as a Human Fighter on Dec 7, 2016.
             Was an Initiate of Trog.
             Slain by a water moccasin (5 damage)
             ... on level 3 of the Dungeon.
             The game lasted 00:13:14 (2452 turns).

galech the Shield-Bearer (Human Fighter)            Turns: 2452, Time: 00:13:14

Health: -2/41      AC:  8    Str: 17    XL:     5   Next: 50%
Magic:  5/5        EV:  7    Int:  9    God:    Trog [......]
Gold:   102        SH:  9    Dex: 12    Spells: 0 memorised, 4 levels left

rFire  . . .     SeeInvis .     a - +0 long sword
rCold  . . .     Gourm    .     b - +0 scale mail
rNeg   . . .     Faith    .     c - +0 shield
rPois  .         Spirit   .     (no helmet)
rElec  .         Reflect  .     i - +0 cloak
rCorr  .         Harm     .     (no gloves)
MR     .....                    (no boots)
Stlth  ..........               (no amulet)
                                (no ring)
                                (no ring)

@: lethally poisoned (-2 -> -7)
A: no striking features
a: Burn Spellbooks, Renounce Religion


You were on level 3 of the Dungeon.
You worshipped Trog.
Trog was noncommittal.
You were not hungry.

You visited 1 branch of the dungeon, and saw 3 of its levels.

You collected 102 gold pieces.

Inventory:

Hand Weapons
 a - a +0 long sword (weapon)
 j - a cursed -3 hunting sling
Armour
 b - a +0 scale mail (worn)
 c - a +0 shield (worn)
 h - a +0 robe
 i - a +0 cloak (worn)
Scrolls
 e - 3 scrolls of remove curse {unknown}
 m - a scroll of magic mapping {unknown}
 n - 2 scrolls of teleportation {unknown}
 p - a scroll of enchant weapon {unknown}
 q - a scroll of identify {unknown}
 t - a scroll of noise {unknown}
Potions
 d - a potion of might
 k - 2 potions of beneficial mutation {unknown}
 o - a potion of resistance {unknown}
 s - a potion of lignification {unknown}
Comestibles
 f - 2 bread rations
 g - 4 chunks of flesh
 l - a meat ration
 r - a royal jelly


   Skills:
 + Level 3.6 Fighting
 + Level 3.2 Long Blades
 + Level 3.5 Armour
 + Level 0.8 Dodging
 + Level 0.4 Stealth
 + Level 4.0 Shields


You had 4 spell levels left.
You didn't know any spells.

Dungeon Overview and Level Annotations

Branches:
Dungeon (3/15)

Altars:
Elyvilon
Trog
Uskayaw
Vehumet
Xom


Message History

You block the water moccasin's attack.
You barely miss the water moccasin.
The water moccasin is heavily wounded.
* * * LOW HITPOINT WARNING * * *
You feel sick.
The water moccasin completely misses you.
You riposte.
You barely miss the water moccasin.
The water moccasin is heavily wounded.
The water moccasin barely misses you.
You hit the water moccasin.
The water moccasin is heavily wounded.
* * * LOW HITPOINT WARNING * * *
You feel sick.
The water moccasin bites you but does no damage.
You block the water moccasin's attack.
You hit the water moccasin.
The water moccasin is severely wounded.
* * * LOW HITPOINT WARNING * * *
You feel sick. The water moccasin bites you.
You die...

...##.#...#..#[# #.#
.................#.# #.#
.#.##........#.##.#####.#
...#.#......#..........##
###..#..#.................#
..>..#......#.####.#####.##
#..#.............# #.#
####...........###### #.#
...............S@# #.#
.......#.###.#.#.# #.#
.............#.#.# #.#
.........#####.#.# #.#
.........# #.#.# #.#
#######..# #.#.# #.# #..#
#.#.# #.## #..# #.#.#
####..#
#..#####.#.#####..##.#


You could see a water moccasin.

Vanquished Creatures
  Natasha (twice) (D:2)
  An iguana (D:3)
  An adder (D:2)
  An ooze (D:2)
  A worm (D:3)
  3 giant cockroaches (D:1)
  5 goblins
  9 hobgoblins
  3 jackals (D:3)
  4 kobolds (D:1)
  3 ball pythons
  6 bats
  4 frilled lizards (D:1)
  11 rats
54 creatures vanquished.

Notes
Turn   | Place    | Note
-------+----------+-------------------------------------------
     0 | D:1      | galech the Human Fighter began the quest for the Orb.
     0 | D:1      | Reached XP level 1. HP: 18/18 MP: 1/1
    92 | D:1      | Reached XP level 2. HP: 18/24 MP: 2/2
   717 | D:1      | Reached XP level 3. HP: 29/29 MP: 3/3
  1045 | D:2      | Found a shimmering altar of Xom.
  1046 | D:2      | Found a bloodstained altar of Trog.
  1046 | D:2      | Noticed Natasha
  1049 | D:2      | Found a white marble altar of Elyvilon.
  1055 | D:2      | Killed Natasha
  1055 | D:2      | Reached XP level 4. HP: 26/35 MP: 4/4
  1097 | D:2      | Became a worshipper of Trog the Wrathful
  1172 | D:2      | Found a hide-covered altar of Uskayaw.
  1365 | D:2      | Noticed Natasha
  1377 | D:2      | Killed Natasha
  1499 | D:2      | Reached XP level 5. HP: 36/41 MP: 5/5
  1623 | D:2      | Found a radiant altar of Vehumet.
  1842 | D:3      | Reached skill level 4 in Shields
  2431 | D:3      | Noticed a water moccasin
  2452 | D:3      | Slain by a water moccasin

Skill      XL: |  1  2  3  4  5 |
---------------+----------------+-----
Long Blades    | 3 |  3.2
Shields        | 4 |  4.0
Fighting       | |  3.6
Armour         | |  3.5
Dodging        | |  0.8
Stealth        | |  0.4

Action                   |  1- 3 |  4- 6 || total
-------------------------+-------+-------++-------
Melee: Long sword        |    75 |   107 ||   182
  Eat: Chunk             |     1 |     4 ||     5
Armor: Scale mail        |    47 |    75 ||   122
Dodge: Dodged            |    32 |    41 ||    73
Block: Shield            |    50 |    62 ||   112
       Rpst.: Long sword |    12 |    11 ||    23
